Map: King's Cove LE

Players

SortOf - Winner!

  • Race: Zerg Zerg
  • Spawn Location: 5:00

Creed

  • Race: Terran Terran
  • Spawn Location: 11:00

Event: 2019 WCS Spring

VOD

Have the link to the VOD?

Description

Time

  • Played on: May 17, 2019, 7:58 a.m.
  • Length: 17:12

All games in this series

Show
View Real Time Build Order
Export as new Build Order

SortOf Zerg - Winner!

Build Orders: Hatch First 

Get SALT Encoding   

  12  0:01  Drone  
  13  0:13  Overlord  
  13  0:18  Drone  
  14  0:31  Drone  
  14  0:32  Drone  
  16  0:41  Drone  
  17  0:53  Hatchery  
  17  0:56  Drone  
  17  0:59  Drone  
  18  1:11  Extractor  
  17  1:14  Spawning Pool  
  17  1:17  Drone  
  17  1:20  Drone  
  18  1:28  Drone  
  19  1:41  Drone  
  20  1:49  Overlord  
  20  2:02  Queen  
  20  2:04  Queen  
  20  2:06  Zergling x4  
  26  2:12  Drone  
  27  2:16  Drone  
  28  2:26  Hatchery  
  27  2:30  Drone  
  27  2:33  Drone  
  29  2:42  Drone  
  30  2:45  Drone  
  30  2:50  Overlord  
  31  2:53  Metabolic Boost  
  31  2:56  Queen  
  33  2:59  Drone  
  33  3:03  Drone  
  33  3:04  Drone  
  36  3:10  Drone x3  
  39  3:14  Drone  
  39  3:17  Drone  
  39  3:18  Drone  
  42  3:25  Overlord  
  42  3:29  Queen  
  44  3:37  Drone  
  44  3:38  Overlord  
  44  3:39  Drone x2  
  47  3:43  Drone  
  47  3:46  Queen  
  47  3:47  Drone x2  
  52  3:54  Drone x3  
  55  3:58  Lair  
  55  4:02  Evolution Chamber  
  54  4:05  Drone  
  54  4:08  Baneling Nest, Drone  
  54  4:09  Drone  
  56  4:13  Queen  
  56  4:16  Overlord  
  58  4:20  Overlord  
  58  4:27  Overlord  
  58  4:32  Overlord  
  58  4:34  Spore Crawler  
  58  4:36  Drone x6  
  63  4:39  Drone x2  
  63  4:41  Drone x2  
  67  4:46  Drone x3  
  67  4:47  Drone  
  67  4:50  Queen  
  73  4:53  Baneling  
  73  4:54  Baneling x2  
  73  4:59  Overseer  
  73  5:00  Zergling x8  
  73  5:03  Extractor  
  73  5:04  Extractor  
  73  5:05  Drone x2  
  73  5:06  Drone x2, Extractor  
  78  5:11  Queen  
  80  5:17  Spore Crawler, Drone x4  
  80  5:19  Drone x3  
  86  5:22  Extractor  
  86  5:23  Extractor  
  86  5:26  Drone  
  86  5:28  Zergling x10  
  90  5:29  Baneling  
  81  5:43  Drone x4  
  81  5:44  Drone  
  81  5:45  Drone  
  81  5:46  Drone  
  86  5:50  Hydralisk Den  
  86  5:52  Zergling x4  
  87  6:02  Drone x2  
  83  6:04  Drone  
  83  6:05  Drone x2  
  84  6:19  Overlord  
  84  6:22  Evolution Chamber  
  83  6:26  Spore Crawler, Drone x2  
  83  6:27  Drone x2  
  83  6:28  Drone  
  83  6:30  Zerg Ground Armor Level 1  
  87  6:33  Muscular Augments  
  87  6:36  Zergling x4  
  87  6:39  Hatchery  
  88  6:40  Baneling  
  88  6:41  Baneling x2  
  88  6:46  Overlord  
  87  6:48  Drone x4  
  87  6:49  Infestation Pit  
  87  6:50  Hydralisk x2  
  87  6:51  Overlord  
  94  6:54  Zergling x4  
  96  7:03  Overlord x2  
  94  7:24  Zerg Missile Weapons Level 1  
  94  7:25  Centrifical Hooks  
  94  7:26  Hydralisk x6  
  94  7:28  Drone x2, Extractor  
  94  7:29  Drone x3  
  110  7:34  Drone x3, Extractor  
  110  7:35  Drone x2  
  111  7:38  Zergling x12  
  111  7:39  Baneling x5  
  111  7:40  Baneling x4  
  111  7:42  Drone  
  118  7:50  Grooved Spines  
  118  7:53  Drone x4  
  118  7:57  Zergling x2  
  118  7:58  Zergling x2  
  124  8:02  Zergling x2  
  124  8:03  Hive, Overlord  
  125  8:06  Zergling x14  
  132  8:25  Overlord, Drone x2  
  132  8:26  Overlord  
  132  8:27  Hydralisk x2, Zergling x2, Evolution Chamber  
  136  8:37  Zergling x16  
  136  8:40  Drone x2  
  141  8:44  Zerg Ground Armor Level 2  
  138  8:53  Drone x3  
  138  8:54  Drone x3  
  144  8:58  Zergling x10  
  149  9:08  Zerg Melee Weapons Level 1  
  149  9:11  Zergling x18  
  156  9:26  Baneling  
  156  9:29  Spore Crawler  
  156  9:30  Zergling x10  
  156  9:31  Baneling x8  
  145  9:40  Hatchery  
  141  9:47  Hydralisk x3, Zergling x2  
  141  9:48  Zergling x14  
  141  9:49  Adrenal Glands  
  152  10:04  Viper x2  
  152  10:06  Overlord x2  
  158  10:08  Overlord  
  158  10:09  Evolution Chamber, Pneumatized Carapace  
  158  10:10  Overseer  
  158  10:12  Overseer  
  158  10:14  Zergling x4  
  159  10:16  Baneling x10  
  159  10:19  Nydus Network, Overlord  
  158  10:25  Drone x4  
  158  10:26  Hydralisk x7  
  176  10:39  Viper x2  
  176  10:42  Zergling x14  
  188  10:57  Hatchery  
  188  11:03  Overseer  
  187  11:05  Zergling x20  
  197  11:14  Overlord  
  197  11:16  Zerg Melee Weapons Level 2, Zerg Ground Armor Level 3  
  195  11:27  Evolution Chamber  
  194  11:39  Nydus Canal  
  186  11:47  Zergling x2  
  186  11:48  Zergling x24  
  186  11:53  Nydus Canal  
  199  11:57  Hatchery  
  198  12:05  Zergling x6  
  198  12:06  Baneling x10  
  198  12:19  Drone x2  
  198  12:20  Hatchery  
  198  12:21  Nydus Canal  
  199  12:24  Baneling x7  
  194  12:30  Overlord  
  194  12:39  Spire, Zerg Missile Weapons Level 2  
  193  12:45  Baneling x4  
  193  12:49  Zergling x14  
  193  12:50  Extractor  
  199  12:51  Nydus Canal  
  195  13:03  Baneling x2  
  195  13:04  Zergling x10  
  161  13:29  Zergling x38  
  167  13:37  Zerg Melee Weapons Level 3  
  167  13:39  Hydralisk x2  
  167  13:40  Zergling x6  
  162  13:59  Greater Spire  
  162  14:02  Viper x2  
  168  14:03  Hydralisk x8  
  184  14:10  Zergling x20  
  184  14:15  Overseer x2  
  194  14:20  Baneling x13  
  194  14:21  Baneling x8  
  194  14:24  Extractor  
  194  14:25  Extractor  
  194  14:26  Spore Crawler  
  194  14:27  Drone x4  
  194  14:29  Overlord x3  
  194  14:30  Spine Crawler  
  194  14:31  Overlord  
  194  14:35  Hatchery  
  193  14:40  Overseer  
  193  14:48  Zergling x12  
  189  15:03  Nydus Canal  
  188  15:11  Zergling x32  
  156  15:23  Hydralisk x7  
  165  15:31  Baneling x14  
  165  15:38  Zergling x16  
  173  15:51  Drone x2  
  171  16:02  Zergling x2  
  171  16:03  Zergling x24  
  161  16:11  Hydralisk x13  
  161  16:13  Zergling x8  
  161  16:15  Zergling x22  
  200  16:26  Baneling x7  
  200  16:38  Baneling x5  
  200  16:39  Baneling x26  
  178  16:47  Hydralisk  
  178  16:48  Hydralisk, Zergling x14  
  178  16:52  Overlord  
Show
View Real Time Build Order
Export as new Build Order

Creed Terran 

Build Orders: Gas First Reaper Expand, Hellion Opening 

Get SALT Encoding   

  12  0:00  SCV  
  13  0:12  SCV  
  14  0:18  Supply Depot  
  14  0:25  SCV  
  15  0:30  Refinery  
  15  0:39  SCV  
  16  0:45  Barracks  
  16  0:51  SCV  
  17  1:03  SCV  
  18  1:15  SCV  
  19  1:32  Orbital Command  
  19  1:33  Reaper  
  20  1:47  Command Center  
  20  1:58  Factory  
  20  2:03  SCV  
  20  2:07  Barracks Reactor  
  21  2:12  Refinery  
  21  2:15  SCV  
  22  2:25  Supply Depot  
  22  2:27  SCV  
  23  2:46  SCV, Starport  
  24  2:54  Hellion x2  
  28  2:58  SCV  
  28  3:00  Orbital Command  
  28  3:03  Barracks Tech Lab  
  29  3:10  SCV  
  30  3:16  Hellion  
  30  3:18  Hellion  
  34  3:25  SCV  
  34  3:26  SCV  
  36  3:32  Supply Depot  
  36  3:39  Viking  
  36  3:40  SCV x2  
  40  3:55  Hellion x2  
  44  3:56  Armory  
  44  3:58  SCV  
  44  4:00  SCV  
  46  4:04  Supply Depot  
  46  4:09  Medivac  
  48  4:12  SCV x2  
  50  4:20  Hellion x2  
  54  4:27  SCV  
  55  4:32  Command Center  
  55  4:41  Hellion x2  
  59  4:48  SCV x2  
  61  4:59  Supply Depot  
  61  5:02  Stimpack  
  61  5:03  Liberator, Marine  
  62  5:17  Engineering Bay x2  
  62  5:21  SCV, Hellion x2  
  70  5:33  Barracks, SCV  
  70  5:34  Barracks  
  70  5:38  Marine  
  70  5:41  SCV  
  66  5:43  Hellion  
  66  5:44  Hellion  
  64  5:53  Terran Infantry Weapons Level 1  
  64  5:55  Terran Infantry Armor Level 1  
  64  5:59  Barracks  
  64  6:00  Barracks  
  64  6:01  SCV x2  
  62  6:05  Orbital Command  
  62  6:06  Marine  
  62  6:07  Starport Reactor  
  57  6:12  Hellion x2  
  57  6:13  SCV  
  62  6:18  SCV  
  62  6:19  Refinery x2  
  62  6:22  Barracks Reactor x2  
  63  6:25  SCV  
  63  6:30  SCV  
  65  6:34  Hellion x2, Orbital Command  
  65  6:36  Marine  
  65  6:38  SCV  
  71  6:43  SCV  
  72  6:47  Medivac x2  
  72  6:48  Barracks Reactor, Barracks Tech Lab  
  72  6:50  SCV  
  77  6:55  SCV  
  77  6:57  Marine  
  77  6:59  Hellion x2, SCV  
  84  7:02  SCV  
  84  7:07  SCV  
  84  7:08  Supply Depot  
  86  7:10  Marine x4  
  86  7:11  SCV, Combat Shield, Marauder  
  91  7:15  SCV  
  91  7:17  Supply Depot  
  91  7:19  Supply Depot  
  91  7:20  Marine  
  90  7:26  SCV x2  
  90  7:27  Marine  
  90  7:29  Marine x4  
  97  7:33  Hellbat x2  
  101  7:38  Marine x2  
  101  7:39  Supply Depot x2  
  101  7:40  SCV x2  
  101  7:44  Marine  
  105  7:45  Marine  
  105  7:50  Marine x2  
  105  7:51  Marine x2  
  109  7:55  Medivac  
  109  7:56  Marauder  
  115  8:00  Marine  
  115  8:01  Marine  
  115  8:03  SCV x3  
  120  8:05  Supply Depot  
  120  8:09  Supply Depot  
  120  8:10  Terran Infantry Weapons Level 2  
  120  8:15  Terran Infantry Armor Level 2  
  120  8:18  Marine x2  
  120  8:19  Marine  
  123  8:22  Medivac  
  123  8:25  Marine, Medivac  
  128  8:28  Marine x2  
  118  8:41  Marine x2  
  118  8:42  Marauder  
  118  8:50  Marine x3  
  118  8:51  Marauder  
  118  8:52  SCV x3  
  118  8:54  Medivac  
  126  8:57  Marine  
  126  9:00  Command Center  
  127  9:03  Marauder  
  127  9:04  SCV x2, Widow Mine x2  
  127  9:06  Factory  
  127  9:08  Marine  
  136  9:13  Refinery  
  135  9:20  Marine  
  135  9:21  Marine x4  
  135  9:22  Marauder  
  135  9:24  Medivac x2  
  143  9:26  Widow Mine x2  
  143  9:30  Supply Depot  
  149  9:35  Marine x2  
  137  9:44  Marine x4  
  137  9:45  Marauder  
  135  9:49  SCV x2  
  135  9:51  Widow Mine x2, Terran Vehicle And Ship Armor Level 1  
  136  9:56  Supply Depot  
  136  9:57  Factory Tech Lab  
  128  10:02  Marine x2  
  128  10:03  Marine x3  
  128  10:04  Marauder  
  128  10:06  Barracks  
  135  10:09  Barracks  
  135  10:10  Marine x2  
  135  10:12  Refinery, Supply Depot  
  137  10:14  Supply Depot  
  137  10:15  Widow Mine  
  137  10:16  Widow Mine  
  137  10:18  Drilling Claws  
  141  10:22  Marine x2  
  141  10:25  Marauder  
  145  10:32  Marine  
  145  10:33  Marauder  
  145  10:34  Planetary Fortress  
  145  10:35  Marine x3  
  151  10:37  Widow Mine x3  
  157  10:43  Terran Infantry Weapons Level 3  
  157  10:57  Marine x2  
  157  10:58  Marauder  
  161  11:06  Widow Mine x3, Marine  
  161  11:07  Marauder, Marine x4  
  174  11:13  Marine  
  174  11:15  Marine x2  
  177  11:24  Medivac x2  
  172  11:26  Marine x2  
  172  11:27  Barracks Tech Lab  
  172  11:29  Supply Depot  
  172  11:31  Widow Mine x3  
  180  11:33  SCV x4  
  184  11:44  Marine x3  
  184  11:45  SCV, Marauder  
  190  11:53  SCV x2  
  190  11:56  Marauder, Marine x2  
  194  12:03  Marine  
  194  12:04  Marine  
  194  12:05  Marine x4  
  200  12:14  Viking x2  
  193  12:17  Marine  
  193  12:18  Marauder  
  193  12:20  SCV  
  193  12:22  Command Center  
  197  12:28  Terran Vehicle And Ship Armor Level 2  
  197  12:32  SCV, Starport  
  197  12:36  Fusion Core  
  198  12:38  Refinery  
  198  12:43  Missile Turret x2  
  198  12:48  Starport  
  198  13:01  Refinery  
  198  13:10  Marine x3  
  174  13:26  Marine  
  174  13:27  Marauder  
  148  13:29  Marine x2  
  148  13:30  Marauder x2  
  148  13:31  Marine x2  
  148  13:32  Marine  
  139  13:34  Widow Mine x2  
  139  13:38  Starport Reactor  
  139  13:40  Starport Tech Lab  
  126  13:42  Widow Mine  
  126  13:44  Marine  
  126  13:48  Marauder  
  129  13:51  Marauder x2, Marine x5  
  142  13:55  Widow Mine x2  
  142  13:58  Viking  
  144  14:03  Widow Mine  
  144  14:06  Liberator x2, Engineering Bay  
  144  14:07  Engineering Bay  
  144  14:09  Armory, Marauder  
  148  14:11  SCV x2  
  148  14:13  Marauder  
  154  14:17  Widow Mine  
  154  14:19  SCV  
  154  14:21  Marine x4  
  154  14:22  Marauder  
  154  14:23  SCV x2  
  169  14:25  Advanced Ballistics  
  169  14:31  SCV, Marauder  
  171  14:35  SCV x2  
  174  14:38  Sensor Tower  
  174  14:43  SCV, Liberator  
  175  14:47  SCV  
  175  14:50  Liberator  
  176  14:53  SCV  
  176  14:59  SCV  
  171  15:04  Marine x2  
  171  15:05  Marauder x2, Marine x4  
  171  15:06  Marauder  
  109  15:22  Marine x3  
  109  15:23  Marine x3, Medivac  
  109  15:26  Marine  
  109  15:27  Marauder x2  
  109  15:37  Command Center  
  109  15:39  Widow Mine x3  
  109  15:40  Marine x2  
  109  15:42  Marine x2  
  119  15:43  Medivac  
  119  15:45  Marauder  
  119  15:48  Marauder  
  125  15:50  Medivac  
  125  15:56  Liberator x2  
  124  16:00  Widow Mine x2  
  124  16:01  SCV x2  
  124  16:03  Command Center  
  124  16:04  Marine x6  
  108  16:05  Marauder  
  108  16:10  Concussive Shells  
  114  16:11  Marine x2  
  114  16:14  SCV x2  
  124  16:21  Marine  
  124  16:22  Marine x3  
  128  16:26  SCV, Marauder  
  128  16:30  Marine x3  
  134  16:33  Widow Mine  
  110  16:47  Marine x3  
  110  16:48  Marauder  
  110  16:49  SCV  
Tags
 
Add a new tag
Caveats
  • Supply blocks, unpowered buildings, or Contaminate may cause inaccurate times.
  • Supply counts are checked every 10 seconds.